 Dungeon Crawl Stone Soup version 0.31-a0-1336-g7fd7ca34b5 (webtiles) character file.

Game seed: 2860402313408362418

28 dorian the Insei (level 3, -2/23 HPs)
             Began as an Octopode Shapeshifter on Dec 21, 2023.
             Slain by a worm (5 damage)
             ... on level 2 of the Dungeon.
             The game lasted 00:02:13 (838 turns).

dorian the Insei (Octopode Shapeshifter)             Turns: 838, Time: 00:02:13

Health: -2/23      AC:  1    Str: 13    XL:     3   Next: 14%
Magic:  3/3        EV: 13    Int: 12    God:
Gold:   29         SH:  0    Dex: 13    Spells: 2/2 levels left

rFire   . .          .
                       - Unarmed
rCold   . . .        (no shield)
rNeg    . . .        (helmet currently unavailable)
rPois   +            (no amulet)
rElec   .            i - ring of poison resistance
rCorr   .            (no ring)
SInv    .            (no ring)
Will    .....        (no ring)
Stlth   ++           (no ring)
HPRegen 0.23/turn    (no ring)
MPRegen 0.08/turn    (no ring)
                     (no ring)

%: no passive effects
@: beast-form
A: beast (slay +1), almost no armour, amphibious, 8 rings, camouflage 1,
gelatinous body 1, (nimble swimmer 1), tentacles
a: Begin Untransformation


You were on level 2 of the Dungeon.
You were a hulking beast.
You visited 1 branch of the dungeon, and saw 2 of its levels.

You collected 29 gold pieces.

Inventory:

Armour
 h - a +2 tower shield
Jewellery
 i - a ring of poison resistance (left tentacle)
Talismans
 b - a beast talisman
 c - a flux talisman
Scrolls
 f - a scroll of identify {unknown}
 g - 2 scrolls of revelation {unknown}
Potions
 a - a potion of lignification
 d - 2 potions of brilliance {unknown}
 e - a potion of heal wounds {unknown}
 j - a potion of attraction {unknown}


   Skills:
 - Level 1.0 Fighting
 + Level 2.6 Dodging
 + Level 3.4 Unarmed Combat
 + Level 3.3 Shapeshifting


You had 2 spell levels left.
You didn't know any spells.
Your spell library was empty.

Dungeon Overview and Level Annotations

Branches:
Dungeon (2/15)

Altars:


Innate Abilities, Weirdness & Mutations

You are a hulking beast.
Your limbs bulge with bestial killing power. (Slay +1)
You cannot wear most types of armour.
You are amphibious.
You can wear up to eight rings at the same time.
Your skin changes colour to match your surroundings (Stealth+).
Your rubbery body absorbs attacks. (AC +1, EV +1)
((You are camouflaged when in or above water. (Stealth+)))
You have tentacles for arms and can constrict up to eight enemies at once.


Message History

You have reached level 3!
Your experience leads to an increase in your attributes!
Increase (S)trength, (I)ntelligence, or (D)exterity?
You feel agile. x2
You closely miss the kobold. Your grab misses the kobold.
Your squeeze misses the kobold.
You feel sick. The kobold closely misses you.
You tentacle-slap the kobold.
You kill the kobold!
You feel sick.
You feel sick.
You feel sick.
You are no longer poisoned.
Things that are here:
a +0 dagger; a kobold corpse; an adder corpse
Found a stone staircase leading down.
There is a stone staircase leading down here.
There is a stone staircase leading down here.
There is a stone staircase leading down here.
A worm comes into view.
A worm is nearby!
The worm bites you!
You tentacle-slap the worm. Your grab misses the worm. You squeeze the worm.
The worm is lightly wounded.
You barely miss the worm. You grab the worm.
The worm is lightly wounded.
You constrict the worm, but do no damage.
The worm closely misses you.
You tentacle-slap the worm.
The worm is moderately wounded.
You constrict the worm. You tentacle-slap the worm.
The worm is heavily wounded.
You constrict the worm. The worm bites you!
* * * LOW HITPOINT WARNING * * *
You are too injured to fight recklessly!
You are too injured to fight recklessly!
You are too injured to fight recklessly!
You release your grip on the worm.
The worm attacks as it pursues you! The worm bites you.
You die...

##........## #.
###......# #. ##
##.##### #.##.## ##'##
#.#...## ##...##
#......## ##.....##
#.......# ##.......##
##......#
#.........####...w..#
+.........+.....h..##
#.........####...#.###
##.......## ##......#
##..<..## #.##.#.#
##...## #.##.#.# ##+##
#.##.#.# #.# #.##.#.#
####.# #.##.#.#
#....## #......#


You could see a worm.

Vanquished Creatures
  An adder (D:2)
  An endoplasm (D:1)
  3 giant cockroaches
  2 goblins (D:1)
  A hobgoblin (D:1)
  2 kobolds
  2 quokkas (D:1)
  A ball python (D:2)
  A bat (D:2)
  A frilled lizard (D:1)
  3 rats (D:1)
18 creatures vanquished.

Notes
Turn   | Place    | Note
-------+----------+-------------------------------------------
     0 | D:1      | dorian the Octopode Shapeshifter began the quest for the
                  | Orb.
     0 | D:1      | Reached XP level 1. HP: 13/13 MP: 1/1
   220 | D:1      | Reached XP level 2. HP: 18/18 MP: 2/2
   707 | D:2      | Reached XP level 3. HP: 8/23 MP: 3/3
   838 | D:2      | Slain by a worm

Illustrated notes

Levels and vault maps discovered:
D:1:      grunt_arrival_lava_bath, layout_basic
D:2:      layout_loops_corners, serial_shops, shop

Action                     || total
---------------------------++-------
  Melee: Unarmed           ||    47
         Constrict         ||     9
         Punch             ||     1
         Tentacles         ||     6
   Stab: Sleeping          ||     2
 Armour: Skin              ||    24
  Dodge: Dodged            ||    19

Table legend: (Time is in decaauts)
 A = Elapsed time spent in this place.
 B = Non-inter-level travel time spent in this place.
 C = Inter-level travel time spent in this place.
 D = Time resting spent in this place.
 E = Time spent auto-exploring this place.
 F = Levels seen in this place.
 G = Mean time per level.
                   A        B        C        D        E       F      G
               +--------+--------+--------+--------+--------+-----+--------+
         Total |    834 |    834 |      0 |      0 |    699 |   2 |  417.0 |
       Dungeon |    834 |    834 |      0 |      0 |    699 |   2 |  417.0 |
               +--------+--------+--------+--------+--------+-----+--------+

Top non-repeatable levels by time:
     D:1: 582 daAuts
     D:2: 251 daAuts
